 Dungeon Crawl Stone Soup version 0.30-a0-986-g7f2e898f52 (webtiles) character file.

Game seed: 15742304127155115811

13087 xian the Cleaver (level 11, -2/89 HPs)
             Began as a Demonspawn Berserker on Apr 1, 2023.
             Was an Elder of Trog.
             Shot with an arrow by Nessos (8 damage)
             ... on level 12 of the Dungeon on Apr 2, 2023.
             The game lasted 00:27:30 (9789 turns).

xian the Cleaver (Demonspawn Berserker)             Turns: 9789, Time: 00:27:31

Health: -2/89      AC: 25    Str: 22    XL:     11   Next: 71%
Magic:  11/11      EV:  8    Int:  8    God:    Trog [****..]
Gold:   364        SH:  0    Dex:  8    Spells: 10/10 levels left

rFire   . . .      SeeInvis .    K - +6 hand axe (distort)
rCold   . . .      Faith    .    (no shield)
rNeg    + . .      Spirit   .    o - +0 plate armour {rPois}
rPois   +          Reflect  .    e - +2 hat
rElec   .          Rampage  .    j - +0 cloak
rCorr   .                        E - +1 pair of gloves of Uskayaw's Hope {rN+ Regen+ Dex-5}
Will    .....                    L - +1 pair of boots Stlth
                                 (no amulet)
HPRegen 1.14/turn                h - +4 ring of protection
MPRegen 0.12/turn                t - ring of flight

@: lethally poisoned (-2 -> -11), flying
A: horns 1, demonic guardian 1, ignite blood 2, sturdy frame 1
a: Renounce Religion, Berserk, Trog's Hand, Brothers in Arms


You were on level 12 of the Dungeon.
You worshipped Trog.
Trog was greatly pleased with you.
You visited 1 branch of the dungeon, and saw 12 of its levels.

You collected 784 gold pieces.
You spent 420 gold pieces at shops.

Inventory:

Hand Weapons
 K - a +6 hand axe of distortion (weapon)
 M - a +2 sling of flaming
Missiles
 n - 6 javelins
 x - 3 silver javelins
 D - a boomerang of dispersal
 F - 3 poisoned darts (quivered)
 J - 6 boomerangs
Armour
 e - a +2 hat (worn)
 j - a +0 cloak (worn)
 o - a +0 plate armour of poison resistance (worn)
 E - the +1 pair of gloves of Uskayaw's Hope (worn) {rN+ Regen+ Dex-5}
   (You found it on level 5 of the Dungeon)

   Dex:       It affects your dexterity (-5).
   rN:        It protects you from negative energy.
   Regen:     It increases your rate of health regeneration.
 L - a +1 pair of boots (worn)
Jewellery
 h - a +4 ring of protection (left hand)
 l - a +6 ring of intelligence
 t - a ring of flight (right hand)
 A - a ring of willpower
Wands
 y - a wand of flame (7)
 C - a wand of iceblast (10)
 I - a wand of digging (5)
Scrolls
 f - a scroll of magic mapping
 i - 4 scrolls of fog
 m - 3 scrolls of summoning
 p - 4 scrolls of teleportation
 r - 3 scrolls of silence
 w - 2 scrolls of immolation
 z - 3 scrolls of fear
 H - a scroll of poison
Potions
 a - 2 potions of curing
 b - 5 potions of invisibility
 d - a potion of berserk rage
 g - 2 potions of magic
 q - 3 potions of mutation
 s - 2 potions of might
 u - 2 potions of haste {unknown}
 v - 4 potions of lignification
 B - 2 potions of flight {unknown}
 G - a potion of heal wounds
Miscellaneous
 c - a condenser vane


   Skills:
 + Level 9.2 Fighting
 + Level 12.1 Axes
 + Level 4.4 Throwing
 + Level 8.2 Armour
 + Level 3.9 Dodging
 + Level 2.0 Stealth


You had 10 spell levels left.
You didn't know any spells.
Your spell library contained the following spells:

 Spells                   Type           Power      Damage    Failure   Level
 Magic Dart               Conj           0%         1d3       98%         1
 Sting                    Tmut/Pois      0%         1d3       98%         1
 Call Imp                 Summ           0%         N/A       99%         2
 Ensorcelled Hibernation  Hex/Ice        0%         N/A       99%         2
 Passwall                 Tmut/Erth      0%         N/A       99%         2
 Poisonous Vapours        Pois/Air       0%         N/A       99%         2
 Scorch                   Fire           0%         2d5       99%         2
 Mephitic Cloud           Conj/Pois/Air  0%         N/A       100%        3
 Swiftness                Air            0%         N/A       100%        3
 Flame Wave               Conj/Fire      0%         2d4       100%        4
 Olgreb's Toxic Radiance  Pois           0%         N/A       100%        4
 Summon Cactus Giant      Summ           0%         N/A       100%        6


Dungeon Overview and Level Annotations

Branches:
Dungeon (12/15)            Temple (0/1) D:4            Lair (0/5) D:8
    Orc (0/2) D:9

Altars:
Ashenzari
Trog
Uskayaw
Vehumet
Wu Jian
Xom
Yredelemnul

Shops:
D:9 ?   D:12 [

Annotations:
D:4 3 runed translucent doors, gelatine's ghost, novice DsFi
D:8 3 runed translucent doors
D:12 Nessos


Innate Abilities, Weirdness & Mutations

You have a pair of small horns on your head.
A weak demonic guardian rushes to your aid.
Your demonic aura often causes spilled blood to erupt in flames.
Your movements are slightly less encumbered by armour. (ER -2)


Message History

A demonic guardian appears!
Nessos mumbles some strange words.
Nessos blinks!
Nessos shoots an arrow.
The arrow hits your shadow imp!! The arrow burns your shadow imp.
Your shadow imp dies!
Your shadow imp disappears in a puff of smoke!
Nessos shoots an arrow.
The arrow hits you but does no damage.
Nessos shoots an arrow.
The arrow hits you! The arrow burns you.
* * * LOW HITPOINT WARNING * * *
You are too injured to fight recklessly!
Nessos shoots an arrow.
The arrow hits you!
* * * LOW HITPOINT WARNING * * *
The arrow burns you.
You are poisoned.
* * * LOW HITPOINT WARNING * * *
You see here a poisoned dart.
Unknown command.
You feel much better.
You feel very sick.
Nessos shoots an arrow.
The arrow barely misses you.
Nessos gestures wildly while chanting.
Nessos blinks!
You feel sick.
Nessos shoots an arrow.
The arrow hits you. The arrow burns you.
You are more poisoned.
* * * LOW HITPOINT WARNING * * *
You feel very sick.
Nessos shoots an arrow.
The arrow hits you!
* * * LOW HITPOINT WARNING * * *
The arrow burns you.
* * * LOW HITPOINT WARNING * * *
You feel much better.
You feel very sick.
Nessos shoots an arrow.
The arrow hits you!
* * * LOW HITPOINT WARNING * * *
The arrow burns you.
You are more poisoned.
* * * LOW HITPOINT WARNING * * *
Nessos shoots an arrow.
The arrow hits you but does no damage.
Nessos shoots an arrow.
The arrow hits you!
You die...

.~~~.~## #.#..# #.......#
.....## #.#..# #.#######
.....##### #.#..# #.#
.........# #.#..# #.#
.###...#.# #.#..######.#######
.# #...#.# #..................
.#
###############.#######.#####.
.#
.............#...............
##
......c((.°.@'..######.####..
#
..........○..#..#.........#..
##############..#.#########..
#........# #..
##########.#.###.# #..
........##.#.# #.# #..
........'..#.# #.# #..
........#..#.###.#####..
#########...............


You could see Nessos (fast, poisoned).

Vanquished Creatures
  Erolcha (D:12)
  A boulder beetle (D:12)
  A death yak (D:8)
  3 two-headed ogres
  A deep elf pyromancer (D:12)
  A manticore (D:12)
  A cyclops (D:12)
  An elephant (D:8)
  Joseph (D:10)
  A komodo dragon (D:12)
  Maggie (D:9)
  2 unseen horrors
  A kobold demonologist (D:9)
  2 trolls (D:12)
  Grinder (D:4)
  A hornet (D:10)
  A slime creature (D:12)
  3 water elementals (D:12)
  A shadow (D:12)
  4 yaks (D:9)
  A basilisk (D:8)
  2 steam dragons
  An acid dragon (D:9)
  2 orc warriors
  A sky beast (D:8)
  A black bear (D:8)
  An ice beast (D:7)
  3 ogres
  4 centaurs
  3 bullfrogs
  4 scorpions
  8 wights
  3 howler monkeys
  2 hounds
  A gnoll bouda (D:4)
  3 jellies (D:6)
  7 orc priests
  An iguana (D:4)
  10 orc wizards
  8 adders
  A shadow imp (D:6)
  2 white imps
  2 ufetubi
  5 worms
  3 dart slugs
  24 orcs
  15 ball pythons
  5 endoplasms
  6 goblins
  11 hobgoblins
  3 jackals (D:3)
  3 frilled lizards
  6 kobolds
  4 rats (D:2)
185 creatures vanquished.

Vanquished Creatures (others)
  2 bushes (D:9)
  2 fungi (D:4)
  A plant (D:4)
5 creatures vanquished.

Grand Total: 190 creatures vanquished

Notes
Turn   | Place    | Note
-------+----------+-------------------------------------------
     0 | D:1      | xian the Demonspawn Berserker began the quest for the Orb.
     0 | D:1      | Reached XP level 1. HP: 18/18 MP: 1/1
   223 | D:1      | Reached skill level 3 in Axes
   223 | D:1      | Gained mutation: Your movements are slightly less
                  | encumbered by armour. (ER -2) [demonic ancestry]
   223 | D:1      | Reached XP level 2. HP: 23/24 MP: 2/2
   754 | D:2      | Reached XP level 3. HP: 29/29 MP: 3/3
   939 | D:2      | Found an ornate altar of the Wu Jian Council.
  1067 | D:2      | Reached ** piety under Trog
  1186 | D:2      | Gained mutation: Your demonic aura sometimes causes spilled
                  | blood to erupt in flames. [demonic ancestry]
  1186 | D:2      | Reached XP level 4. HP: 35/35 MP: 4/4
  1634 | D:3      | Reached skill level 4 in Axes
  1751 | D:3      | Upgraded the game from 0.30-a0-972-gf3ab3527aa to
                  | 0.30-a0-986-g7f2e898f52
  1899 | D:3      | Found a faded altar of an unknown god.
  2251 | D:4      | Noticed an ogre
  2256 | D:4      | Killed an ogre
  2257 | D:4      | Reached XP level 5. HP: 42/42 MP: 5/5
  2605 | D:4      | Found a staircase to the Ecumenical Temple.
  2628 | D:4      | Noticed Grinder
  2644 | D:4      | Killed Grinder
  2645 | D:4      | Reached skill level 5 in Axes
  2645 | D:4      | Reached skill level 1 in Stealth
  2645 | D:4      | Reached XP level 6. HP: 49/49 MP: 6/6
  2796 | D:4      | Gained mutation: You have a pair of small horns on your
                  | head. [demonic ancestry]
  2796 | D:4      | Reached XP level 7. HP: 55/55 MP: 7/7
  2869 | D:4      | Found a hide-covered altar of Uskayaw.
  3296 | D:4      | Found a runed translucent gate.
  3297 | D:4      | Found a runed translucent gate.
  3297 | D:4      | Noticed gelatine's ghost (novice DsFi)
  3298 | D:4      | Found a runed translucent gate.
  3425 | D:5      | Entered Level 5 of the Dungeon
  3474 | D:5      | Reached skill level 5 in Fighting
  3474 | D:5      | Reached skill level 6 in Axes
  3527 | D:5      | Reached skill level 1 in Throwing
  3531 | D:5      | Identified the +1 pair of gloves of Uskayaw's Hope {rN+
                  | Regen+ Dex-5}
  3945 | D:5      | Found a basalt altar of Yredelemnul.
  4141 | D:5      | Gained mutation: Your demonic aura often causes spilled
                  | blood to erupt in flames. [demonic ancestry]
  4141 | D:5      | Reached XP level 8. HP: 57/62 MP: 8/8
  4346 | D:5      | Found a broken altar of Ashenzari.
  4350 | D:5      | Saw a vision of the Swamp and the Snake Pit.
  4350 | D:5      | Noticed a bog body
  4350 | D:5      | Noticed a spriggan druid
  4350 | D:5      | Noticed a black mamba
  4350 | D:5      | Noticed a black mamba
  4350 | D:5      | Noticed a black mamba
  4350 | D:5      | Noticed an anaconda
  4350 | D:5      | Noticed a four-headed hydra
  4350 | D:5      | Noticed a goliath frog
  4350 | D:5      | Noticed an eleionoma
  4350 | D:5      | Noticed a goliath frog
  4352 | D:5      | Noticed a naga warrior
  4353 | D:5      | Noticed a black mamba
  4355 | D:5      | Noticed a salamander mystic
  5012 | D:6      | Reached skill level 7 in Axes
  6089 | D:8      | Found a staircase to the Lair.
  6089 | D:8      | Noticed an elephant
  6089 | D:8      | Noticed a death yak
  6101 | D:8      | Killed a death yak
  6102 | D:8      | Reached skill level 8 in Axes
  6102 | D:8      | Reached XP level 9. HP: 69/69 MP: 9/9
  6105 | D:8      | Killed an elephant
  6106 | D:8      | Reached skill level 5 in Armour
  6166 | D:8      | Reached skill level 9 in Axes
  6402 | D:8      | Found a runed translucent gate.
  6402 | D:8      | Found a runed translucent gate.
  6402 | D:8      | Found a runed translucent gate.
  6404 | D:8      | Noticed a brown ugly thing
  6405 | D:8      | Noticed a cyan ugly thing
  6407 | D:8      | Noticed a purple ugly thing
  6409 | D:8      | Noticed a green ugly thing
  6632 | D:8      | Noticed a two-headed ogre
  6642 | D:8      | Killed a two-headed ogre
  6643 | D:8      | Reached XP level 10. HP: 32/77 MP: 10/10
  6700 | D:8      | Found a radiant altar of Vehumet.
  6836 | D:8      | Reached *** piety under Trog
  7028 | D:9      | Found a staircase to the Orcish Mines.
  7032 | D:9      | Noticed Maggie
  7039 | D:9      | Reached skill level 10 in Axes
  7048 | D:9      | Killed Maggie
  7080 | D:9      | Found Acua's Magic Scroll Shoppe.
  7234 | D:9      | Bought a scroll of magic mapping for 105 gold pieces
  7234 | D:9      | Bought 2 scrolls of enchant weapon for 210 gold pieces
  7234 | D:9      | Bought a scroll of enchant weapon for 105 gold pieces
  7712 | D:9      | Found an ornate altar of the Wu Jian Council.
  7715 | D:9      | Found a bloodstained altar of Trog.
  7716 | D:9      | Found a shimmering altar of Xom.
  7737 | D:9      | Noticed an orange demon
  8115 | D:10     | Entered Level 10 of the Dungeon
  8272 | D:10     | Reached skill level 11 in Axes
  8310 | D:10     | Noticed Joseph
  8324 | D:10     | Killed Joseph
  8709 | D:11     | You are sucked into a shaft and drop 1 floor!
  8725 | D:12     | Noticed a cyclops
  8736 | D:12     | Noticed Erolcha
  8739 | D:12     | Killed a cyclops
  8740 | D:12     | Noticed a boulder beetle
  8743 | D:12     | Killed Erolcha
  8744 | D:12     | Gained mutation: A weak demonic guardian rushes to your
                  | aid. [demonic ancestry]
  8744 | D:12     | Reached XP level 11. HP: 87/87 MP: 11/11
  8756 | D:12     | Killed a boulder beetle
  8797 | D:12     | Found Jenossab's Armour Shop.
  8864 | D:12     | Noticed a two-headed ogre
  8870 | D:12     | Noticed a purple ugly thing
  8880 | D:12     | Noticed a two-headed ogre
  9083 | D:12     | Killed a two-headed ogre
  9106 | D:12     | Banished a purple ugly thing
  9204 | D:12     | Reached **** piety under Trog
  9205 | D:12     | Reached skill level 12 in Axes
  9433 | D:12     | Noticed a deep elf pyromancer
  9444 | D:12     | Killed a deep elf pyromancer
  9739 | D:12     | Killed a two-headed ogre
  9763 | D:12     | Noticed Nessos
  9789 | D:12     | Shot with an arrow by Nessos

Illustrated notes

Levels and vault maps discovered:
D:1:      evilmike_arrival_crescent, layout_rooms
D:2:      layout_basic, basic_altar, minmay_misc_feat_ornament,
          minmay_pentomino_t2
D:3:      layout_loops_ring, shapermc_ecumenical_altar_acropolis,
          serial_park_tiny_pond
D:4:      layout_basic, mainiacjoe_overflow_six_doors_small,
          minmay_temple_entry_stoned_glass, gammafunk_ghost_nasty_kobolds,
          minmay_quantized, uniq_grinder
D:5:      layout_layer_cave, grunt_ashenzari_visionary
          [grunt_ashenzari_visionary_swamp, grunt_ashenzari_visionary_snake],
          kennysheep_little_box
D:6:      layout_basic
D:7:      layout_basic, mainiacjoe_overflow_alcove_2, nicolae_figureground_pulse
D:8:      layout_loops_ring, nicolae_vehumet_altar_sigil, david_lair_generic,
          ploomutoo_gammafunk_ghost_potion_laboratory
D:9:      layout_layer_cave, grunt_temple_overflow_open, orc_0_dummy,
          serial_shops, shop, minmay_hedge_maze, uniq_maggie
D:10:     layout_big_octagon, uniq_joseph
D:11:     layout_basic, uniq_snorg
D:12:     kennysheep_spiral_hall, layout_basic, serial_shops, shop, nrook_uturn,
          uniq_nessos, uniq_erolcha

Skill      XL: |  1  2  3  4  5  6  7  8  9 10 11 |
---------------+----------------------------------+-----
Axes           | 3 4 5 6 8 9 11 12 | 12.1
Dodging        | 2 3 |  3.9
Armour         | 2 3 4 5 6 8 |  8.2
Fighting       | 4 5 6 8 9 |  9.2
Stealth        | 1 2 |  2.0
Throwing       | 1 2 3 4 |  4.4

Action                     |  1- 3 |  4- 6 |  7- 9 | 10-12 || total
---------------------------+-------+-------+-------+-------++-------
  Melee: Hand axe          |   126 |   113 |   278 |   181 ||   698
         Punch             |       |     2 |     8 |     4 ||    14
         Headbutt          |       |       |    41 |    37 ||    78
  Throw: Stone             |    12 |     1 |    44 |    28 ||    85
         Dart              |       |       |       |    16 ||    16
         Javelin           |       |       |       |     1 ||     1
 Invoke: Berserk           |     1 |     4 |     3 |     4 ||    12
         Trog's Hand       |       |     2 |     1 |       ||     3
    Use: Scroll            |     4 |       |    13 |    12 ||    29
         Potion            |       |       |       |     2 ||     2
   Stab: Sleeping          |     2 |       |       |       ||     2
 Armour: Animal skin       |    15 |       |       |       ||    15
         Leather armour    |    16 |       |       |       ||    16
         Scale mail        |    20 |    13 |       |       ||    33
         Plate armour      |       |    60 |   205 |   167 ||   432
  Dodge: Dodged            |    79 |    64 |    96 |    70 ||   309

Table legend: (Time is in decaauts)
 A = Elapsed time spent in this place.
 B = Non-inter-level travel time spent in this place.
 C = Inter-level travel time spent in this place.
 D = Time resting spent in this place.
 E = Time spent auto-exploring this place.
 F = Levels seen in this place.
 G = Mean time per level.
                   A        B        C        D        E       F      G
               +--------+--------+--------+--------+--------+-----+--------+
         Total |   9848 |   9582 |    266 |    150 |   6714 |  12 |  820.7 |
       Dungeon |   9848 |   9582 |    266 |    150 |   6714 |  12 |  820.7 |
               +--------+--------+--------+--------+--------+-----+--------+

Top non-repeatable levels by time:
     D:5: 1257 daAuts
     D:4: 1198 daAuts
     D:9: 1092 daAuts
    D:12: 1061 daAuts
     D:8: 950 daAuts
     D:2: 830 daAuts
     D:3: 813 daAuts
     D:7: 765 daAuts
     D:1: 650 daAuts
     D:6: 642 daAuts
    D:10: 569 daAuts
    D:11: 17 daAuts
